 Dungeon Crawl Stone Soup version 0.29.0-4-gdea44cf6ec (webtiles) character file.

Game seed: 8175169208323207121

4 tbh1313 the Sneak (level 1, 0/9 HPs)
             Began as a Spriggan Enchanter on Aug 27, 2022.
             Slain by a hobgoblin (3 damage)
             ... on level 1 of the Dungeon.
             The game lasted 00:00:53 (345 turns).

tbh1313 the Sneak (Spriggan Enchanter)               Turns: 345, Time: 00:00:54

Health: 0/9        AC:  2    Str:  4    XL:     1   Next: 58%
Magic:  5/5        EV: 17    Int: 16    God:
Gold:   0          SH:  0    Dex: 15    Spells: 5/5 levels left

rFire   . . .      SeeInvis +   a - +1 dagger
rCold   . . .      Faith    .   (no shield)
rNeg    . . .      Spirit   .   b - +0 robe
rPois   .          Reflect  .   (helmet restricted)
rElec   .          Harm     .   (no cloak)
rCorr   .          Rampage  .   (gloves unavailable)
Will    .....                   (boots unavailable)
Stlth   +++.......              (no amulet)
HPRegen 0.03/turn               (no ring)
MPRegen 0.09/turn               (no ring)

@: very quick
A: very small, no large weapons, unfitting armour, see invisible, speed 3
a: no special abilities


You were on level 1 of the Dungeon.
You visited 1 branch of the dungeon, and saw 1 of its levels.

Inventory:

Hand Weapons
 a - a +1 dagger (weapon)
Armour
 b - a +0 robe (worn)
Scrolls
 d - a scroll of blinking {unknown}
Potions
 c - 2 potions of invisibility


   Skills:
 + Level 1.2 Short Blades
 + Level 2.8 Dodging
 + Level 4.5 Stealth
 + Level 2.8 Spellcasting
 + Level 3.7 Hexes


You had 5 spell levels left.
You didn't know any spells.
Your spell library contained the following spells:

 Spells                   Type           Power      Damage    Failure   Level
 Confusing Touch          Hex            14%        N/A       12%         3
 Tukima's Dance           Hex            14%        N/A       12%         3
 Ensorcelled Hibernation  Hex/Ice        16%        N/A       14%         2
 Dazzling Flash           Conj/Hex       16%        N/A       26%         3


Dungeon Overview and Level Annotations

Branches:
Dungeon (1/15)

Altars:

Shops:
D:1 *


Innate Abilities, Weirdness & Mutations

You are very small and have problems with some larger weapons.
You are too small for most types of armour.
You have supernaturally acute eyesight. (SInv)
You cover ground extremely quickly. (Speed+++)


Message History

You hit the endoplasm.
You kill the endoplasm!
You start resting.
HP restored.
Found a book of Air and 8 gold pieces.
The hobgoblin shouts!
A frilled lizard comes into view.
Found a stone staircase leading down.
Found 8 stones.
You see here a scroll labelled SUIZYI WIUZIUN.
d - a scroll labelled SUIZYI WIUZIUN The hobgoblin closely misses you.
You barely miss the hobgoblin.
The frilled lizard hisses angrily.
The hobgoblin hits you.
You barely miss the hobgoblin. The frilled lizard closely misses you.
The hobgoblin hits you but does no damage.
You barely miss the hobgoblin.
The frilled lizard completely misses you.
The hobgoblin completely misses you.
You closely miss the hobgoblin. The frilled lizard bites you.
The hobgoblin barely misses you.
There is a stone staircase leading down here.
You start resting.
There are monsters nearby!
You hit the frilled lizard.
The frilled lizard is heavily wounded.
The frilled lizard closely misses you.
You hit the frilled lizard but do no damage.
The frilled lizard barely misses you. The hobgoblin misses you.
You closely miss the hobgoblin. The hobgoblin misses you.
You hit the hobgoblin.
The hobgoblin is lightly wounded.
The hobgoblin completely misses you.
You completely miss the hobgoblin.
The hobgoblin is lightly wounded.
You barely miss the hobgoblin.
The hobgoblin is lightly wounded.
The hobgoblin hits you.
You die...

......J#.##......(............
###.##.=∩†....................
#K.###.#......# #$........>.
####..##........# #..........
#.......!.#.....# ##.......:..
......)...#.....# #.g.........
.........##.....# #>.........#
.........###.######..####...##
..............).@gl..# ###
.≈≈≈.≈≈≈....#.####..##
≈≈♣....≈≈..............
≈.(8....≈≈..#.####.###...
.♣.......≈≈.#.# ..# ...
(...♣.....≈.... .... #.
.......8..≈.........
..8.<..♣.≈≈.####....
≈..♣....≈≈..


You could see a hobgoblin and a frilled lizard.

Vanquished Creatures
  An endoplasm (D:1)
  A giant cockroach (D:1)
  A kobold (D:1)
  A rat (D:1)
4 creatures vanquished.

Notes
Turn   | Place    | Note
-------+----------+-------------------------------------------
     0 | D:1      | tbh1313 the Spriggan Enchanter began the quest for the Orb.
     0 | D:1      | Reached XP level 1. HP: 9/9 MP: 5/5
    15 | D:1      | Found Xirocir's General Store.
   345 | D:1      | Slain by a hobgoblin

Illustrated notes

Levels and vault maps discovered:
D:1:      moated_graveyard_arrival, layout_rooms, serial_shops,
          nicolae_shop_crystal

Action                   || total
-------------------------++-------
Melee: Dagger            ||    29
Armor: Robe              ||     2
Dodge: Dodged            ||    24
